 Dungeon Crawl Stone Soup version 0.21.1-1-g345015f (webtiles) character file.

11332 suicidejoker the Unseen (level 11, -11/100 HPs)
             Began as a Naga Monk on Feb 26, 2018.
             Was an Elder of Cheibriados.
             Mangled by a komodo dragon (19 damage)
             ... on level 11 of the Dungeon.
             The game lasted 00:47:23 (9160 turns).

suicidejoker the Unseen (Naga Monk)                 Turns: 9160, Time: 00:47:26

Health: -11/100    AC: 10    Str: 27    XL:     11   Next: 76%
Magic:  14/14      EV: 15    Int: 19    God:    Cheibriados [****..]
Gold:   693        SH:  0    Dex: 27    Spells: 10/10 levels left

rFire    + . .     SeeInvis +   F - +8 dagger of the Boar {vamp, rElec rF+ rN+}
rCold    . . .     Gourm    .   (no shield)
rNeg     + . .     Faith    .   t - +1 troll leather armour {Purgy}
rPois    +         Spirit   .   (no helmet)
rElec    +         Reflect  .   q - +2 cloak
rCorr    .         Harm     .   (no gloves)
MR       +....     Rnd*Rage +   (no barding)
Stlth    ++++++....             (no amulet)
HPRegen  0.66/turn              w - +6 ring of slaying
MPRegen  0.14/turn              p - +5 ring of slaying

@: mighty, very slow
A: large, see invisible, berserk 1, deformed body, poison resistance,
electricity resistance, slowness 2, slow metabolism 1, spit poison 1, AC +3
a: Spit Poison, Bend Time, Temporal Distortion, Slouch, Renounce Religion


You were on level 11 of the Dungeon.
You worshipped Cheibriados.
Cheibriados was greatly pleased with you.
You were not hungry.

You visited 2 branches of the dungeon, and saw 12 of its levels.
You also visited: Sewer, Ossuary and Ice Cave.

You collected 693 gold pieces.

Inventory:

Hand Weapons
 a - a +1 flail of holy wrath
 k - a +0 shortbow
 l - a +2 broad axe of chopping
 z - a cursed -3 hunting sling
 D - a +3 hand axe
 F - the +8 dagger of the Boar (weapon) {vamp, rElec rF+ rN+}
   (You found it on level 7 of the Dungeon)

   It inflicts no extra harm, but heals its wielder when it wounds a living foe.
   It protects you from fire.
   It insulates you from electricity.
   It protects you from negative energy.
 G - a +3 dire flail
 N - a +2 dagger of electrocution
 Q - a +4 short sword
 R - a cursed +1 antimagic trident
 T - a cursed +4 battleaxe of freezing
 Y - a +3 dagger
Missiles
 f - 144 bolts
 j - 5 javelins (quivered)
 m - 4 needles of sleeping
 r - 129 arrows
 J - 9 poisoned needles
 O - 9 tomahawks
Armour
 h - a scarf of cloud immunity
 q - a +2 cloak (worn)
 t - a +1 troll leather armour (worn) {Purgy}
 M - a +0 plate armour
Magical Staves
 P - an uncursed staff of cold {unknown}
Jewellery
 d - a +3 ring of protection
 o - a +4 ring of protection
 p - a +5 ring of slaying (right hand)
 w - a +6 ring of slaying (left hand)
 L - an uncursed ring of protection from cold
 Z - a cursed +3 ring of strength {unknown}
Wands
 H - a wand of polymorph (20)
 I - a wand of flame (9)
 W - a wand of iceblast (5)
 X - a wand of disintegration (11)
Scrolls
 b - 7 scrolls of teleportation
 i - 6 scrolls of identify
 y - 4 scrolls of remove curse
 E - a scroll of fog
 K - 2 scrolls of fear
 S - a scroll of summoning
 U - a scroll of silence {unknown}
 V - a scroll of magic mapping
Potions
 e - a potion of degeneration
 g - 3 potions of agility
 s - 4 potions of brilliance
 v - a potion of magic
 A - 3 potions of cancellation
 C - a potion of might
Comestibles
 c - 25 rations


   Skills:
 + Level 7.3 Fighting
 + Level 7.5 Short Blades
 - Level 7.4 Staves
 - Level 3.8 Armour
 + Level 5.9 Dodging
 + Level 15.1 Stealth
 * Level 5.1 Invocations
 - Level 0.1 Evocations


You had 10 spell levels left.
You didn't know any spells.

Dungeon Overview and Level Annotations

Branches:
Dungeon (11/15)            Temple (1/1) D:7            Lair (0/6) D:11
    Orc (0/2) D:11

Altars:
Ashenzari
Cheibriados
Dithmenos
Elyvilon
Fedhas
Gozag
Hepliaklqana
Kikubaaqudgha
Makhleb
Nemelex Xobeh
Okawaru
Qazlal
Ru
Sif Muna
Trog
Uskayaw
Vehumet
Wu Jian
Xom
Yredelemnul
Zin
The Shining One

Shops:
D:5 %   D:8 [   D:11 [

Annotations:
D:3 Natasha


Innate Abilities, Weirdness & Mutations

You cannot wear boots.
Your serpentine skin is tough. (AC +3)
You have supernaturally acute eyesight. (SInv)
Armour fits poorly on your strangely shaped body.
Your system is resistant to poisons. (rPois)
You cover ground very slowly.
You have a slow metabolism.
You can spit poison.
You tend to lose your temper in combat.
You are resistant to electric shocks. (rElec)


Message History

The gargoyle is almost destroyed.
The komodo dragon bites you.
* * * LOW HITPOINT WARNING * * *
The orc throws a tomahawk.
The tomahawk hits you.
* * * LOW HITPOINT WARNING * * *
You impale the gargoyle!!
You destroy the gargoyle!
Cheibriados appreciates the change of pace.
You hear a splash.
Your Invocations skill increases to level 5!
The komodo dragon barely misses you.
You barely miss the komodo dragon.
The komodo dragon is lightly wounded.
You impale the orc!!
You kill the orc!
Cheibriados appreciates the change of pace.
You can now inflict damage on those overly hasty.
Cheibriados raises the support of your attributes as your movement slows.
The komodo dragon bites you!!
You die...

*******,,*********,,***,*+*,**,,*
*,,,,,,,,,........,,,,,,,,,,,,,,,
*,,,,,,,,,,...?...,,,,,,,,,,,,,,,
*********,,,.....#***,,****,,****
*,,,,....# *,,* *,,* *,,,,,%..#
*,,* *,,* *,≈≈≈≈≈..## *,,* *,,*
#.≈#####l)# *,,* *,,* #.≈#....@.#
*,,* *,,*
*****####.≈#÷...)≈##*,,****,,****
*,,,,.....≈#...≈#.....,,,,,,,,,,,
*,,,,......#.[≈#≈......,,,,,,,,,,
******,,*#....#≈##.=###**********
#..*##..≈.##*..# #..# ##..## *..#
#..# #..# *..# #..# #..# *,,*


You could see a komodo dragon.

Vanquished Creatures
  A two-headed ogre (D:8)
  An unseen horror (D:10)
  Pikel (D:6)
  2 ice statues (IceCv)
  A gargoyle (D:11)
  2 rime drakes (D:11)
  2 ice devils (IceCv)
  The ghost of Mustardman the Sneak, a novice OpEn (D:6)
  A troll (D:10)
  A hornet (D:11)
  2 hippogriffs (D:9)
  Grinder (D:3)
  A wraith (Ossuary)
  8 yaks (D:10)
  A human (D:10)
  A hog (D:10)
  A hungry ghost (D:8)
  A water moccasin (D:8)
  5 orc warriors
  An ice beast (D:10)
  Purgy (D:3)
  2 black bears
  A phantom (D:8)
  8 ogres
  4 centaurs
  A big kobold (D:11)
  A gnoll sergeant (D:6)
  5 bullfrogs
  A wyvern skeleton (D:11)
  2 scorpions
  9 wights (D:8)
  5 crimson imps
  A jelly (D:8)
  Crazy Yiuf (D:3)
  4 hounds
  2 centaur skeletons
  7 orc priests
  A bullfrog skeleton (D:9)
  An iguana (D:6)
  7 worker ants
  Natasha (D:3)
  7 orc wizards
  2 killer bee zombies
  A hound skeleton (D:3)
  A mummy (Ossuary)
  A howler monkey zombie (D:10)
  5 gnolls (D:6)
  19 adders
  9 white imps (IceCv)
  9 ufetubi (IceCv)
  6 oozes
  An adder skeleton (D:9)
  6 worms
  A dart slug (D:1)
  14 leopard geckos
  39 orcs
  2 ball pythons
  8 giant cockroaches
  4 goblins
  7 hobgoblins
  11 jackals
  2 quokkas
  13 bats
  4 frilled lizards
  3 gnoll skeletons (Ossuary)
  A jackal zombie (D:5)
  12 kobolds
  5 kobold skeletons (Ossuary)
  17 orc skeletons (Ossuary)
  3 rats
313 creatures vanquished.

Vanquished Creatures (others)
  A reaper (IceCv)
  A white imp (IceCv)
  2 ufetubi (IceCv)
4 creatures vanquished.

Grand Total: 317 creatures vanquished

Notes
Turn   | Place    | Note
-------+----------+-------------------------------------------
     0 | D:1      | suicidejoker the Naga Monk began the quest for the Orb.
     0 | D:1      | Reached XP level 1. HP: 21/21 MP: 1/1
   365 | D:1      | Reached XP level 2. HP: 28/28 MP: 2/2
   914 | D:2      | Reached XP level 3. HP: 32/34 MP: 3/3
  1366 | D:2      | Found a sparkling altar of Nemelex Xobeh.
  1366 | D:2      | Found a glowing silver altar of Zin.
  1600 | D:2      | Reached skill level 4 in Stealth
  1600 | D:2      | Reached XP level 4. HP: 42/42 MP: 4/4
  1713 | D:3      | Found a radiant altar of Vehumet.
  1749 | D:3      | Noticed Grinder
  1766 | D:3      | Paralysed by Grinder for 3 turns
  1770 | D:3      | Killed Grinder
  1770 | D:3      | Reached skill level 5 in Short Blades
  1770 | D:3      | Reached skill level 5 in Stealth
  1770 | D:3      | Reached XP level 5. HP: 28/49 MP: 5/5
  1770 | D:3      | Reached XP level 6. HP: 32/56 MP: 6/6
  1985 | D:3      | Found a runed door.
  1989 | D:3      | Noticed Crazy Yiuf
  1993 | D:3      | Killed Crazy Yiuf
  2083 | D:3      | Found an opulent altar of Gozag.
  2117 | D:3      | Noticed Natasha
  2127 | D:3      | Killed Natasha
  2198 | D:3      | Reached skill level 6 in Stealth
  2225 | D:3      | Noticed Purgy
  2255 | D:3      | Killed Purgy
  2323 | D:3      | Noticed Natasha
  2475 | D:3      | Reached XP level 7. HP: 63/63 MP: 7/7
  2775 | D:4      | Reached skill level 7 in Stealth
  2782 | D:4      | Found a sacrificial altar of Ru.
  2991 | D:4      | Found a shimmering altar of Xom.
  3031 | D:4      | Found a shimmering altar of Xom.
  3033 | D:4      | Found a shimmering altar of Xom.
  3033 | D:4      | Found a shimmering altar of Xom.
  3034 | D:4      | Found a shimmering altar of Xom.
  3034 | D:4      | Found a shimmering altar of Xom.
  3034 | D:4      | Found a shimmering altar of Xom.
  3113 | D:5      | Entered Level 5 of the Dungeon
  3170 | D:5      | Found Kematrie's Food Shoppe.
  3218 | D:5      | Reached XP level 8. HP: 65/72 MP: 8/8
  3235 | D:5      | Got a shimmering ring mail
  3246 | D:5      | Identified the cursed +0 ring mail of Xavukk {Int+3} (You found it on level 5 of the Dungeon)
  3322 | D:5      | Found a sand-covered staircase.
  3331 | Ossuary  | Entered an ossuary
  3331 | Ossuary  | Noticed a wraith
  3331 | Ossuary  | Noticed a wraith
  3331 | Ossuary  | Noticed a wraith
  3350 | Ossuary  | Reached skill level 8 in Stealth
  3448 | Ossuary  | Noticed a wraith
  3506 | Ossuary  | Killed a wraith
  3506 | Ossuary  | Reached skill level 1 in Staves
  3506 | Ossuary  | Reached skill level 1 in Armour
  3675 | D:5      | Found an ornate altar of the Wu Jian Council.
  4027 | D:6      | Noticed Mustardman's ghost (novice OpEn)
  4070 | D:6      | Found a blossoming altar of Fedhas.
  4092 | D:6      | Reached skill level 9 in Stealth
  4095 | D:6      | Noticed Pikel
  4103 | D:6      | Killed Pikel
  4103 | D:6      | Reached skill level 5 in Fighting
  4103 | D:6      | Reached skill level 5 in Staves
  4103 | D:6      | Reached XP level 9. HP: 69/81 MP: 9/9
  4220 | D:6      | Found a glowing drain.
  4231 | Sewer    | Entered a sewer
  4856 | D:6      | Killed Mustardman's ghost
  4856 | D:6      | Reached skill level 10 in Stealth
  5400 | D:7      | Found a staircase to the Ecumenical Temple.
  5422 | Temple   | Entered the Ecumenical Temple
  5429 | Temple   | Became a worshipper of Cheibriados the Contemplative
  5429 | Temple   | Reached * piety under Cheibriados
  5429 | Temple   | Reached ** piety under Cheibriados
  5537 | D:7      | Reached skill level 11 in Stealth
  5729 | D:7      | Got an ancient dagger
  5732 | D:7      | Identified the +8 dagger of the Boar {vamp, rElec rF+ rN+} (You found it on level 7 of the Dungeon)
  5979 | D:8      | Reached XP level 10. HP: 62/91 MP: 10/10
  5987 | D:8      | Reached skill level 12 in Stealth
  6061 | D:8      | Gained mutation: You tend to lose your temper in combat. [potion of mutation]
  6061 | D:8      | Gained mutation: You are resistant to electric shocks. (rElec) [potion of mutation]
  6100 | D:8      | Reached *** piety under Cheibriados
  6321 | D:8      | Reached **** piety under Cheibriados
  6338 | D:8      | Noticed a two-headed ogre
  6344 | D:8      | Killed a two-headed ogre
  6344 | D:8      | Reached skill level 13 in Stealth
  6426 | D:8      | Found Ysaodit's Armour Boutique.
  6672 | D:9      | Found a white marble altar of Elyvilon.
  6832 | D:9      | Found a stormy altar of Qazlal.
  6960 | D:9      | Found a glowing golden altar of the Shining One.
  7223 | D:10     | Entered Level 10 of the Dungeon
  7267 | D:10     | Reached skill level 5 in Dodging
  7275 | D:10     | Reached skill level 14 in Stealth
  7499 | D:10     | Reached XP level 11. HP: 98/98 MP: 11/11
  7526 | D:10     | Reached ***** piety under Cheibriados
  7536 | D:10     | Noticed an unseen horror
  7581 | D:10     | Reached skill level 1 in Invocations
  7686 | D:10     | Killed an unseen horror
  8028 | D:11     | Found a staircase to the Orcish Mines.
  8047 | D:11     | Found Adgharghou's Armour Shoppe.
  8087 | D:11     | Found a frozen archway.
  8098 | IceCv    | Entered an ice cave
  8415 | IceCv    | Killed a reaper
  8527 | IceCv    | Reached skill level 15 in Stealth
  8537 | IceCv    | HP: 5/100 [ice devil (19)]
  9158 | D:11     | Reached skill level 5 in Invocations
  9160 | D:11     | Mangled by a komodo dragon

Skill      XL: |  1  2  3  4  5  6  7  8  9 10 11 |
---------------+----------------------------------+-----
Short Blades   | 4 5 6 7 |  7.5
Stealth        | 4 5 6 7 9 11 14 15 | 15.1
Dodging        | 3 4 5 |  5.9
Fighting       | 4 5 6 7 |  7.3
Staves         | 5 6 7 |  7.4
Armour         | 1 2 3 |  3.8
Invocations    | 5 |  5.1
Evocations     | |  0.1

Action                   |  1- 3 |  4- 6 |  7- 9 | 10-12 || total
-------------------------+-------+-------+-------+-------++-------
Melee: Short sword       |    33 |       |       |       ||    33
       Dagger            |    62 |    81 |   138 |   297 ||   578
       Quarterstaff      |       |       |   148 |       ||   148
Invok: Slouch            |       |       |       |     5 ||     5
       Bend Time         |       |       |       |     1 ||     1
 Abil: Spit Poison       |       |    10 |    20 |    10 ||    40
Evoke: Wand              |       |       |     3 |     3 ||     6
  Use: Potion            |       |     1 |     8 |    19 ||    28
       Scroll            |       |     6 |     8 |     6 ||    20
 Stab: Sleeping          |     7 |     2 |    29 |    17 ||    55
       Paralysed         |       |       |     1 |       ||     1
       Petrifying        |       |       |     1 |       ||     1
  Eat: Chunk             |     1 |     3 |    11 |     5 ||    20
       Ration            |       |       |     2 |     1 ||     3
Armor: Robe              |    23 |    31 |       |       ||    54
       Troll leather arm |       |     3 |   109 |   100 ||   212
       Ring mail         |       |       |    17 |       ||    17
Dodge: Dodged            |    54 |    41 |   174 |   233 ||   502
